 Dungeon Crawl Stone Soup version 0.26.1-11-gd32895ea62 (webtiles) character file.

Game seed: 16498385578612048106

1107 H0rd4k the Vandal (level 8, -2/59 HPs)
             Began as a Human Artificer on June 24, 2021.
             Slain by a hound (5 damage)
             ... on level 5 of the Dungeon.
             The game lasted 00:06:45 (5887 turns).

H0rd4k the Vandal (Human Artificer)                 Turns: 5887, Time: 00:06:46

Health: -2/59      AC:  0    Str: 14    XL:     8   Next: 59%
Magic:  8/8        EV: 12    Int: 12    God:
Gold:   528        SH:  0    Dex: 14    Spells: 7/7 levels left

rFire    . . .     SeeInvis .   j - +2 hunting sling (vorpal)
rCold    . . .     Faith    .   (no shield)
rNeg     . . .     Spirit   .   b - +0 leather armour
rPois    .         Reflect  .   (no helmet)
rElec    .         Harm     .   (no cloak)
rCorr    .         Rampage  .   (no gloves)
Will     .....                  (no boots)
Stlth    ++........             (no amulet)
HPRegen  0.19/turn              a - ring of wizardry
MPRegen  0.11/turn              (no ring)

@: lethally poisoned (-2 -> -6), corroded, attractive, flying, hasted, very
quick
A: no striking features
a: no special abilities


You were on level 5 of the Dungeon.
You visited 1 branch of the dungeon, and saw 5 of its levels.

You collected 528 gold pieces.

Inventory:

Hand Weapons
 j - a +2 vorpal hunting sling (weapon)
 m - a +0 dagger
 z - a +1 vorpal shortbow
Missiles
 k - 75 sling bullets (quivered ammo)
 n - 134 stones
 w - 10 poisoned darts
 A - 17 arrows
Armour
 b - a +0 leather armour (worn)
Jewellery
 a - a ring of wizardry (left hand)
 y - an uncursed ring of ice {unknown}
 B - an uncursed ring of ice {unknown}
Wands
 c - a wand of flame (15)
 d - a wand of enslavement (15)
 e - a wand of random effects (15)
Scrolls
 f - 5 scrolls of identify {unknown}
 g - 2 scrolls of fear {unknown}
 i - a scroll of blinking {unknown}
 l - a scroll of immolation {unknown}
 q - 2 scrolls of magic mapping {unknown}
 r - 3 scrolls of remove curse {unknown}
 s - a scroll of random uselessness {unknown}
 u - 3 scrolls of teleportation {unknown}
 x - a scroll of amnesia {unknown}
Potions
 h - a potion of attraction
 o - 3 potions of flight
 p - a potion of haste
 t - a potion of brilliance {unknown}
 v - 2 potions of might {unknown}


   Skills:
 + Level 3.6 Fighting
 + Level 2.2 Short Blades
 + Level 1.0 Maces & Flails
 + Level 7.0 Slings
 + Level 3.3 Armour
 + Level 2.2 Dodging
 + Level 1.6 Stealth
 + Level 3.4 Evocations


You had 7 spell levels left.
You didn't know any spells.
Your spell library contained the following spells:

 Spells                   Type           Power        Failure   Level
 Summon Small Mammal      Summ           0%           16%         1
 Call Imp                 Summ           0%           24%         2
 Call Canine Familiar     Summ           0%           43%         3
 Summon Guardian Golem    Hex/Summ       0%           43%         3
 Summon Ice Beast         Ice/Summ       0%           82%         4
 Summon Lightning Spire   Summ/Air       0%           82%         4


Dungeon Overview and Level Annotations

Branches:
Dungeon (5/15)
 Temple: D:4-7

Altars:
Wu Jian
Zin
The Shining One


Message History

You shoot a sling bullet. The sling bullet misses the hound.
You feel sick. The hound bites you.
* * * LOW HITPOINT WARNING * * *
Fire: 75 sling bullets
Press: ? - help, Q - select action, (/) - cycle Shift-Dir - straight line, f/p - hound
Aim: a hound (56% to hit)
Okay, then.
Unknown command.
It was a potion of flight.
You feel very buoyant.
You fly up into the air.
You feel sick. The hound completely misses you.
It was a potion of attraction.
You feel attractive to monsters. The hound bites you.
* * * LOW HITPOINT WARNING * * *
The hound misses you.
It was a potion of haste.
You feel yourself speed up.
* * * LOW HITPOINT WARNING * * *
You feel sick. The hound bites you.
You die...

##...##....## #......#
##.....####'####..##..#
#..#.#..'.†.[..)..##..#
#...#...########......#
#..#.#..#......#......##
##.....##......######†##
#.....#........# ##...#
########..#..#..###.....
(....(h@...##....'..#†#.
.#.#..##..#..#.†##.#.#.#
.$$$( #........##..#.#.
#(#. ##......###....).
#.. #......# ###...# ##
######## #######
#..###.....#
##...........
#..Y..<#.####


You could see a hound.

Vanquished Creatures
  2 phantoms (D:5)
  An ice beast (D:5)
  A centaur (D:5)
  An ogre (D:5)
  A water moccasin skeleton (D:5)
  A scorpion (D:4)
  3 hounds (D:5)
  An orc wizard (D:5)
  2 jellies (D:5)
  A centaur skeleton (D:4)
  2 iguanas (D:5)
  6 worker ants
  A hound skeleton (D:5)
  6 adders
  A shadow imp (D:5)
  2 white imps (D:5)
  An ooze (D:2)
  An adder zombie (D:5)
  3 dart slugs
  3 leopard geckos
  3 orcs (D:3)
  2 giant cockroaches
  6 goblins
  5 hobgoblins
  7 jackals
  4 kobolds
  3 quokkas
  7 bats
  6 frilled lizards
  2 hobgoblin zombies (D:5)
  2 kobold skeletons (D:5)
  A kobold zombie (D:5)
  An orc skeleton (D:5)
  3 orc zombies (D:5)
  10 rats
102 creatures vanquished.

Notes
Turn   | Place    | Note
-------+----------+-------------------------------------------
     0 | D:1      | H0rd4k the Human Artificer began the quest for the Orb.
     0 | D:1      | Reached XP level 1. HP: 15/15 MP: 1/1
   122 | D:1      | Reached XP level 2. HP: 16/21 MP: 2/2
  1019 | D:2      | Reached XP level 3. HP: 20/26 MP: 3/3
  1123 | D:2      | Found a glowing silver altar of Zin.
  1248 | D:2      | Found an ornate altar of the Wu Jian Council.
  2064 | D:3      | Reached skill level 1 in Maces & Flails
  2334 | D:3      | Reached XP level 4. HP: 31/32 MP: 4/4
  2369 | D:3      | Reached skill level 1 in Short Blades
  3310 | D:4      | Reached XP level 5. HP: 13/38 MP: 5/5
  3338 | D:4      | HP: 1/38 [poisoned by a worker ant]
  3664 | D:4      | Reached skill level 1 in Slings
  4111 | D:4      | Reached skill level 2 in Slings
  4111 | D:4      | Reached XP level 6. HP: 44/44 MP: 6/6
  4458 | D:5      | Entered Level 5 of the Dungeon
  4625 | D:5      | Found a glowing golden altar of the Shining One.
  4685 | D:5      | Reached skill level 3 in Slings
  4809 | D:5      | Noticed a sky beast
  4985 | D:5      | Reached XP level 7. HP: 51/51 MP: 7/7
  5173 | D:5      | Reached skill level 4 in Slings
  5358 | D:5      | Reached skill level 5 in Slings
  5495 | D:5      | Reached XP level 8. HP: 53/58 MP: 8/8
  5644 | D:5      | Reached skill level 6 in Slings
  5877 | D:5      | Reached skill level 7 in Slings
  5887 | D:5      | Slain by a hound

Illustrated notes

Levels and vault maps discovered:
D:1:      zaba_arrival_water, layout_basic
D:2:      layout_rooms, overflow_temple_1_default, overflow_temple_1_default
D:3:      layout_basic
D:4:      layout_basic
D:5:      minmay_polygon_palace, layout_rooms, nicolae_tso_besieged_by_evil,
          minmay_misc_feat_doors

Skill      XL: |  1  2  3  4  5  6  7  8 |
---------------+-------------------------+-----
Maces & Flails | 1 |  1.0
Short Blades   | 2 |  2.2
Slings         | 2 3 5 7 |  7.0
Fighting       | 2 3 |  3.6
Armour         | 3 |  3.3
Dodging        | 2 |  2.2
Stealth        | |  1.6
Evocations     | |  3.4

Action                   |  1- 3 |  4- 6 |  7- 9 || total
-------------------------+-------+-------+-------++-------
Melee: Club              |    58 |       |       ||    58
       Dagger            |   142 |    47 |       ||   189
 Fire: Hunting sling     |       |   116 |   128 ||   244
  Use: Potion            |       |       |     3 ||     3
 Stab: Sleeping          |     1 |       |       ||     1
Armor: Leather armour    |    62 |    17 |     4 ||    83
Dodge: Dodged            |   111 |    64 |    29 ||   204
